 Dungeon Crawl Stone Soup version 0.30-a0-279-g4b46babb21 (webtiles) character file.

Game seed: 10559094613064590383

181 Sobieck the Chopper (level 5, -5/46 HPs)
             Began as a Ghoul Gladiator on Oct 16, 2022.
             Slain by a hornet (12 damage)
             ... on level 4 of the Dungeon.
             The game lasted 00:05:23 (2554 turns).

Sobieck the Chopper (Ghoul Gladiator)               Turns: 2554, Time: 00:05:24

Health: -5/46      AC: 13    Str: 24    XL:     5   Next: 61%
Magic:  4/4        EV:  8    Int:  7    God:
Gold:   208        SH:  0    Dex: 10    Spells: 4/4 levels left

rFire   . . .      SeeInvis +    a - +0 war axe {axe}
rCold   + . .      Faith    .    (no shield)
rNeg    + + +      Spirit   .    F - +4 chain mail of the Shoals {Rampage Str+4 Int+4}
rPois   ∞          Reflect  .    c - +0 helmet
rElec   .          Harm     .    (no cloak)
rCorr   .          Rampage  +    (no gloves)
Will    +....                    (no boots)
Stlth   ..........               (no amulet)
HPRegen 0.00/turn                l - ring of willpower
MPRegen 0.09/turn                w - ring of see invisible

@: inhibited regen
A: claws 1, cold resistance 1, negative energy resistance 3, inhibited
regeneration, torment resistance 2, devour on kill
a: no special abilities


You were on level 4 of the Dungeon.
You visited 1 branch of the dungeon, and saw 4 of its levels.

You collected 208 gold pieces.


Innate Abilities, Weirdness & Mutations

You are immune to poison.
You have sharp fingernails.
Your flesh is cold resistant. (rC+)
You are immune to negative energy. (rN+++)
You do not regenerate when monsters are visible.
You are immune to unholy pain and torment.
You thrive by killing the living.


   Skills:
 - Level 4.0 Fighting
 + Level 4.8 Axes
 - Level 1.7 Throwing
 - Level 2.6 Dodging


You had 4 spell levels left.
You didn't know any spells.
Your spell library contained the following spells:

 Spells                   Type           Power      Damage    Failure   Level
 Apportation              Tloc           0%         N/A       99%         1
 Ensorcelled Hibernation  Hex/Ice        0%         N/A       99%         2
 Passwall                 Tmut/Erth      0%         N/A       99%         2
 Scorch                   Fire           0%         2d5       99%         2
 Swiftness                Air            0%         N/A       100%        3
 Flame Wave               Conj/Fire      0%         2d4       100%        4
 Alistair's Intoxication  Tmut/Pois      0%         N/A       100%        5
 Summon Cactus Giant      Summ           0%         N/A       100%        6

Inventory:

Hand Weapons
 a - a +0 war axe (weapon) {axe}
 b - a +0 sling
   (You took it off a goblin on level 2 of the Dungeon)
Missiles
 e - a javelin (quivered) {throwing}
 h - 47 stones {throwing}
Armour
 c - a +0 helmet (worn)
 p - a +0 robe
   (You found it on level 2 of the Dungeon)
 q - a +0 robe
   (You found it on level 2 of the Dungeon)
 v - a +0 leather armour
   (You found it on level 2 of the Dungeon)
 x - a +0 scale mail
   (You found it on level 2 of the Dungeon)
 y - a +0 leather armour
 A - a +0 chain mail
   (You took it off an orc on level 3 of the Dungeon)
 B - a +0 leather armour
   (You took it off a hobgoblin on level 3 of the Dungeon)
 C - a +0 robe
   (You found it on level 3 of the Dungeon)
 D - a +0 ring mail
   (You found it on level 3 of the Dungeon)
 F - the +4 chain mail of the Shoals (worn) {Rampage Str+4 Int+4}
   (You found it on level 3 of the Dungeon)

   Str:       It affects your strength (+4).
   Int:       It affects your intelligence (+4).
   Rampage:   It bestows one free step when moving towards enemies.
 H - a +0 scale mail
   (You found it on level 3 of the Dungeon)
Jewellery
 l - a ring of willpower (left claw)
   (You found it on level 2 of the Dungeon)
 t - a ring of positive energy
   (You found it on level 2 of the Dungeon)
 w - a ring of see invisible (right claw)
   (You found it on level 2 of the Dungeon)
 E - a ring of magical power
   (You found it on level 3 of the Dungeon)
Wands
 I - a wand of polymorph (12)
   (You took it off Natasha on level 3 of the Dungeon)
Scrolls
 f - 3 scrolls of identify {unknown}
 j - a scroll of acquirement {unknown}
 m - a scroll of fear {unknown}
 r - 2 scrolls of teleportation {unknown}
 u - 2 scrolls of enchant weapon {unknown}
 z - 2 scrolls of vulnerability {unknown}
Potions
 g - a potion of might {unknown}
 i - a potion of heal wounds {unknown}
 k - a potion of flight {unknown}
 n - a potion of degeneration {unknown}
 o - a potion of brilliance
 s - 2 potions of attraction {unknown}
 G - a potion of curing {unknown}

Dungeon Overview and Level Annotations

Branches:
Dungeon (4/15) Zot: 21390
 Temple: D:4-7

Altars:
Cheibriados
Dithmenos
Fedhas
Okawaru
Ru
Vehumet

Shops:
D:1 =   D:2 :

Annotations:
D:3 Pargi

.............
#...........
####...........
...............
#...).......
##..).......
##.....#...
###y#### # #.@.#
##.#######
#######........#
.........#######
.......<##
#.......#
....###.# .###
#.# #.#


You could see a hornet.


Message History

You see here a +0 flail {mace}.
There is a stone staircase leading up here.
There is a stone staircase leading down here.
Unknown command.
You climb downwards.
There is a stone staircase leading up here.
Unknown command.
Unknown command.
Unknown command.
A kobold comes into view. It is wielding a +0 short sword.
The kobold shouts!
Danger!
The kobold throws a stone.
The stone hits you but does no damage.
You rampage towards the kobold!
A hornet comes into view.
The hornet buzzes angrily.
The hornet moves out of view.
You see here a +0 sling.
You closely miss the kobold.
The kobold hits you with a +0 short sword.
You slash the kobold!
You kill the kobold!
You feel better.
The hornet stings you but does no damage.
The hornet stings you!
Things that are here:
a +0 short sword {short}; 5 stones {throwing} Unknown command.
You see here a +0 sling.
The hornet attacks as you move away! The hornet stings you!
The hornet barely misses you. The hornet attacks as you move away!
The hornet stings you.
The hornet stings you but does no damage.
You hit the hornet.
The hornet stings you but does no damage. x2
Unknown command.
You miss the hornet.
The hornet stings you but does no damage.
You barely miss the hornet.
The hornet stings you but does no damage.
The hornet barely misses you.
Unknown command.
Okay, then.
Sorry, you're not good enough to have a special ability.
Unknown command.
You closely miss the hornet. The hornet completely misses you.
The hornet stings you.
* * * LOW HITPOINT WARNING * * *
You slash the hornet!
The hornet stings you but does no damage.
The hornet stings you.
* * * LOW HITPOINT WARNING * * *
Unknown command.
You miss the hornet. The hornet stings you!
* * * LOW HITPOINT WARNING * * *
The hornet barely misses you.
Unknown command.
You miss the hornet. The hornet closely misses you. x2
Unknown command.
Throw: 47 stones {throwing}
Press: ? - help, Q - select action, (/) - cycle Shift-Dir - straight line, f - hornet
Aim: a hornet (moderately wounded, 42% to hit)
Okay, then.
Unknown command.
Throw: 3 throwing nets {=f!fthrowing}
Press: ? - help, Q - select action, (/) - cycle Shift-Dir - straight line, f - hornet
Aim: a hornet (moderately wounded, 42% to hit)
You throw a throwing net {=f!fthrowing}.
The throwing net {=f!fthrowing} closely misses the hornet.
The hornet stings you.
* * * LOW HITPOINT WARNING * * *
Throw: 2 throwing nets {=f!fthrowing}
Press: ? - help, Q - select action, (/) - cycle Shift-Dir - straight line, f/p - hornet
Aim: a hornet (moderately wounded, 42% to hit)
You throw a throwing net {=f!fthrowing}.
The throwing net {=f!fthrowing} hits the hornet.
The hornet is caught in the net!
The hornet struggles against the net.
Unknown command.
You hit the hornet but do no damage.
The hornet struggles against the net. x2
You catch the helpless hornet completely off-guard!
You hit the hornet.
The hornet struggles against the net. x2
The net rips apart, and the hornet comes free!
Unknown command.
You closely miss the hornet. The hornet barely misses you. x2
Unknown command.
Throw: throwing net {=f!fthrowing}
Press: ? - help, Q - select action, (/) - cycle Shift-Dir - straight line, f/p - hornet
Aim: a hornet (heavily wounded, 42% to hit)
You throw a throwing net {=f!fthrowing}.
The throwing net {=f!fthrowing} hits the hornet.
The hornet is caught in the net!
The hornet struggles against the net.
Unknown command.
You barely miss the hornet.
The hornet struggles against the net. x2
You strike the helpless hornet from behind!
You hit the hornet.
The hornet struggles against the net.
The net rips apart, and the hornet comes free!
The hornet stings you!
You die...

Skill      XL: |  1  2  3  4 |
---------------+-------------+-----
Axes           | 3 4 |  4.8
Fighting       | 3 4 |  4.0
Throwing       | |  1.7
Dodging        | |  2.6

Action                   |  1- 3 |  4- 6 || total
-------------------------+-------+-------++-------
Melee: War axe           |    76 |    54 ||   130
 Fire: Sling             |    10 |    23 ||    33
Throw: Stone             |     5 |       ||     5
       Throwing net      |       |     3 ||     3
 Stab: Held in net/web   |       |     2 ||     2
Armor: Leather armour    |    20 |       ||    20
       Scale mail        |     8 |    11 ||    19
       Chain mail        |       |    23 ||    23
Dodge: Dodged            |    48 |    30 ||    78

Levels and vault maps discovered:
D:1:      saegor_arrival_simple_d, layout_rooms, serial_shops, shop
D:2:      layout_loops_ring, serial_shops, nicolae_square_shop
D:3:      layout_loops_ring, minmay_overflow_temple_hex, roderic_lattice_a,
          uniq_natasha, uniq_robin, uniq_pargi
D:4:      layout_rooms, xom_redecorated, mainiacjoe_overflow_alcove_2,
          corner_web_ring, kennysheep_doodads, uniq_grinder

Notes
Turn   | Place    | Note
-------+----------+-------------------------------------------
     0 | D:1      | Sobieck the Ghoul Gladiator began the quest for the Orb.
     0 | D:1      | Reached XP level 1. HP: 17/17 MP: 0/0
    15 | D:1      | Found Yciem's Jewellery Boutique.
   149 | D:1      | Reached skill level 3 in Axes
   149 | D:1      | Reached XP level 2. HP: 23/25 MP: 1/1
   273 | D:1      | You pick up a book of Scorching and begin reading...
   273 | D:1      | You add the spells Scorch, Flame Wave and Summon Cactus
                  | Giant to your library.
   508 | D:2      | You pick up a book of Party Tricks and begin reading...
   508 | D:2      | You add the spells Apportation and Alistair's Intoxication
                  | to your library.
   575 | D:2      | You pick up a book of Burglary and begin reading...
   575 | D:2      | You add the spells Passwall, Ensorcelled Hibernation and
                  | Swiftness to your library.
   670 | D:2      | Reached skill level 3 in Fighting
   670 | D:2      | Reached XP level 3. HP: 16/31 MP: 2/2
  1165 | D:2      | Found Bitaacop's Book Emporium.
  1431 | D:3      | Noticed Natasha
  1434 | D:3      | Killed Natasha
  1435 | D:3      | Reached XP level 4. HP: 40/40 MP: 3/3
  1572 | D:3      | Found an iron altar of Okawaru.
  1572 | D:3      | Found a shadowy altar of Dithmenos.
  1572 | D:3      | Found a snail-covered altar of Cheibriados.
  1572 | D:3      | Found a sacrificial altar of Ru.
  1581 | D:3      | Found a blossoming altar of Fedhas.
  1585 | D:3      | Found a radiant altar of Vehumet.
  1666 | D:3      | Noticed Natasha
  1681 | D:3      | Killed Natasha
  1682 | D:3      | Reached skill level 4 in Fighting
  1787 | D:3      | Reached skill level 4 in Axes
  1874 | D:3      | Identified the +4 chain mail of the Shoals {Rampage Str+4
                  | Int+4}
  2064 | D:3      | Noticed Natasha
  2073 | D:3      | Killed Natasha
  2074 | D:3      | Reached XP level 5. HP: 46/46 MP: 4/4
  2199 | D:3      | Noticed Pargi
  2343 | D:3      | HP: 11/46 [gnoll/+0 whip (7)]
  2348 | D:3      | HP: 7/46 [gnoll/+0 whip (2)]
  2532 | D:4      | Noticed a hornet
  2545 | D:4      | HP: 9/46 [hornet (9)]
  2554 | D:4      | Slain by a hornet

Vanquished Creatures
  Natasha (thrice) (D:3)
  4 gnolls (D:3)
  3 adders
  2 dart slugs
  An orc (D:3)
  3 endoplasms
  2 giant cockroaches
  6 goblins
  3 hobgoblins
  8 kobolds
  A ball python (D:2)
  2 frilled lizards (D:2)
  A rat (D:1)
39 creatures vanquished.

Table legend:
 A = Non-vault XP
 B = Vault XP
 C = Vault XP percentage of total XP
 D = Non-vault monster count
 E = Vault monster count
 F = Vault count percentage of total count
                 A         B        C        D         E       F
            +---------+---------+-------+---------+---------+-------
      Total |     224 |      35 |  13.5 |      38 |       1 |   2.6
            +---------+---------+-------+---------+---------+-------
        D:1 |      14 |       0 |   0.0 |       8 |       0 |   0.0
        D:2 |      49 |       0 |   0.0 |      14 |       0 |   0.0
        D:3 |     160 |      35 |  17.9 |      15 |       1 |   6.2
        D:4 |       1 |       0 |   0.0 |       1 |       0 |   0.0
            +---------+---------+-------+---------+---------+-------

Illustrated notes

Table legend:
 A = Kills in this place as a percentage of kills in entire the game.
 B = Kills by you in this place as a percentage of kills by you in the entire game.
 C = Kills by friends in this place as a percentage of kills by friends in the entire game.
 D = Other kills in this place as a percentage of other kills in the entire game.
 E = Experience gained in this place as a percentage of experience gained in the entire game.
 F = Experience gained in this place divided by the number of levels of this place that you have seen.
                   A       B       C       D       E      F
               +-------+-------+-------+-------+-------+----------------------
         Total | 100.0 | 100.0 |   N/A |   N/A | 100.0 |  64.8
       Dungeon | 100.0 | 100.0 |   N/A |   N/A | 100.0 |  64.8
               +-------+-------+-------+-------+-------+----------------------

Table legend: (Time is in decaauts)
 A = Elapsed time spent in this place.
 B = Non-inter-level travel time spent in this place.
 C = Inter-level travel time spent in this place.
 D = Time resting spent in this place.
 E = Time spent auto-exploring this place.
 F = Levels seen in this place.
 G = Mean time per level.
                   A        B        C        D        E       F      G
               +--------+--------+--------+--------+--------+-----+--------+
         Total |   2608 |   2434 |    174 |    209 |   1759 |   4 |  652.0 |
       Dungeon |   2608 |   2434 |    174 |    209 |   1759 |   4 |  652.0 |
               +--------+--------+--------+--------+--------+-----+--------+

Top non-repeatable levels by time:
     D:3: 1155 daAuts
     D:2: 970 daAuts
     D:1: 443 daAuts
     D:4: 39 daAuts
